 Seeded DCSS version 0.30.0-5-g1a98f26d00 (webtiles) character file.

Game seed: 2 (custom seed)

6340 Kazon the Cudgeller (level 10, -4/75 HPs)
             Began as a Demonspawn Fighter on May 8, 2023.
             Was a High Priest of Okawaru.
             Succumbed to an orange demon's poison
             ... on level 8 of the Dungeon.
             The game lasted 00:37:51 (6480 turns).

Kazon the Cudgeller (Demonspawn Fighter)            Turns: 6480, Time: 00:37:52

Health: -4/75      AC: 10    Str: 16 (18) XL:     10   Next: 64%
Magic:  13/15      EV: 16    Int: 10 (12) God:    Okawaru [*****.]
Gold:   1007       SH:  7    Dex: 18 (19) Spells: 9/9 levels left

rFire   . . .        e - +1 dagger (elec)
rCold   . . .        c - +0 buckler
rNeg    . . .        H - +0 leather armour of Ignis, Dancing {Regen+}
rPois   .            a - +2 hat
rElec   .            (no cloak)
rCorr   .            b - +1 pair of gloves
SInv    .            v - +0 pair of boots
Will    .....        (no amulet)
Stlth   +++++++      D - ring of flight
HPRegen 1.12/turn    (no ring)
MPRegen 0.14/turn

%: no passive effects
@: lethally poisoned (-4 -> -19), heroic, flying
A: horns 1, thin skeletal structure 3, foul stench 1
a: Renounce Religion, Heroism, Finesse, Duel


You were on level 8 of the Dungeon.
You worshipped Okawaru.
Okawaru was extremely pleased with you.
You visited 2 branches of the dungeon, and saw 9 of its levels.

You collected 1202 gold pieces.
You spent 195 gold pieces at shops.

Inventory:

Hand Weapons
 e - a +1 dagger of electrocution (weapon)
 f - a +0 whip of flaming
 q - a +3 flail of venom
 K - a +4 falchion
Missiles
 h - 16 stones
 l - 43 poisoned darts (quivered)
 G - 3 boomerangs
 N - 3 boomerangs of dispersal
 P - an atropa-tipped dart
Armour
 a - a +2 hat (worn)
 b - a +1 pair of gloves (worn)
 c - a +0 buckler (worn)
 v - a +0 pair of boots (worn)
 H - the +0 leather armour of Ignis, Dancing (worn) {Regen+}
   (You found it on level 5 of the Dungeon)

   Regen:     It increases your rate of health regeneration.
Jewellery
 D - a ring of flight (left hand)
Wands
 o - a wand of flame (62)
 y - a wand of digging (9)
 O - a wand of paralysis (7)
Scrolls
 i - a scroll of identify
 k - 3 scrolls of fear
 s - 3 scrolls of teleportation
 x - a scroll of fog {unknown}
 z - 2 scrolls of blinking {unknown}
 C - 2 scrolls of enchant weapon {unknown}
 F - 2 scrolls of poison
 I - a scroll of enchant armour {unknown}
 J - 2 scrolls of magic mapping
 L - a scroll of immolation {unknown}
Potions
 d - 5 potions of might
 g - a potion of lignification {unknown}
 j - 2 potions of berserk rage
 p - 2 potions of magic {unknown}
 r - 2 potions of cancellation
 t - 2 potions of curing
 u - a potion of resistance
 w - 2 potions of ambrosia
 A - 2 potions of invisibility
 B - 2 potions of degeneration
 E - 2 potions of heal wounds
 M - 2 potions of mutation {unknown}


   Skills:
 + Level 5.6(10.6) Fighting
 + Level 2.2(7.2) Short Blades
 + Level 7.6(12.6) Maces & Flails
 + Level 3.8(8.8) Throwing
 + Level 4.8(9.8) Armour
 + Level 3.5(8.5) Dodging
 + Level 4.6(9.6) Stealth
 + Level 4.4(9.4) Shields
 * Level 7.3 Invocations
 * Level 6.1 Evocations


You had 9 spell levels left.
You didn't know any spells.
Your spell library contained the following spells:

 Spells                   Type           Power      Damage    Failure   Level
 Sting                    Tmut/Pois      0%         1d3       47%         1
 Cigotuvi's Dreadful Rot  Necr/Pois/Air  0%         N/A       63%         2
 Lesser Beckoning         Tloc           0%         N/A       63%         2
 Static Discharge         Conj/Air       0%         2-2/arc   63%         2
 Gell's Gravitas          Tloc           0%         N/A       85%         3
 Stone Arrow              Conj/Erth      0%         3d7       85%         3
 Teleport Other           Tloc           0%         N/A       85%         3
 Airstrike                Air            0%         2d(0-16)  99%         4
 Dispel Undead            Necr           0%         3d6       99%         4
 Orb of Destruction       Conj           0%         9d5       100%        7
 Lehudib's Crystal Spear  Conj/Erth      0%         10d2      100%        8
 Summon Guardian Golem    Hex/Summ       Unusable   N/A       N/A         3
 Animate Armour           Summ/Erth      Unusable   N/A       N/A         4
 Summon Lightning Spire   Summ/Air       Unusable   N/A       N/A         4
 Death Channel            Necr           Unusable   N/A       N/A         6
 Spellforged Servitor     Conj/Summ      Unusable   N/A       N/A         7

Dungeon Overview and Level Annotations

Branches:
Dungeon (8/15)             Temple (1/1) D:5
   Lair: D:8-11

Altars:
Cheibriados
Hepliaklqana
Okawaru
Ru
Sif Muna
Uskayaw
Xom

Shops:
D:4 :   D:5 ?

Annotations:
D:3 Crazy Yiuf


Innate Abilities, Weirdness & Mutations

You have a pair of small horns on your head.
You have an unnaturally thin skeletal structure. (Dex +6, Stealth+++)
You may rarely emit foul miasma when damaged in melee.


Message History

Aim: Amaemon, wielding a +0 demon whip of venom (chance to affect: 29%) Amaemon suddenly stops moving!
You feel very sick.
Okay, then.
Unknown command.
Your +3 flail of venom stops dripping with poison.
You hear the crackle of electricity.
e - a +1 dagger of electrocution (weapon)
You feel sick. The orange demon stings you from afar.
* * * LOW HITPOINT WARNING * * *
The helpless Amaemon fails to defend himself.
You impale Amaemon!! You headbutt Amaemon.
Amaemon is moderately wounded.
You feel sick.
The helpless Amaemon fails to defend himself.
You impale Amaemon!! Lightning courses through Amaemon!!
Amaemon is severely wounded.
You feel sick. The orange demon barely misses you.
The helpless Amaemon fails to defend himself.
You impale Amaemon!!
You kill Amaemon!
Okawaru is honoured by your kill.
You feel sick. The orange demon barely misses you.
Unknown command.
You gain the combat prowess of a mighty hero.
You feel sick. The orange demon stings you from afar!
* * * LOW HITPOINT WARNING * * *
You are lethally poisoned!
The orange demon poisons you!
Aiming: Paralyse
Press: ? - help, Shift-Dir - straight line, f - orange demon
Aim: an orange demon (chance to affect: 29%)
The orange demon easily resists.
* * * LOW HITPOINT WARNING * * *
You feel extremely sick.
The orange demon stings you but does no damage.
It was a potion of degeneration.
There was something very wrong with that liquid.
You feel weakened.
You feel dopey.
You feel clumsy.
You die...

.............".........,,,,,,,,,*
........###............,,*,,,*,,*
...###### ###......)...**,,,,****
..## ##......##***,,,,* ###
##.....?..# **,,** ##..†.)....#
**** #.....4...## ###.#.).###
##....@..# ##.....[..#
##.......### #.........#
##..#....## #########


You could see an orange demon.

Vanquished Creatures
  Amaemon (D:8)
  Joseph (D:8)
  Maggie (D:6)
  A troll (D:7)
  Prince Ribbit (D:8)
  A hornet (D:8)
  6 yaks (D:8)
  5 steam dragons
  Edmund (D:4)
  An acid dragon (D:6)
  An orc warrior (D:8)
  An ice beast (D:6)
  2 sky beasts (D:8)
  3 ogres
  3 centaurs
  A phantom (D:5)
  3 bullfrogs
  A kobold brigand (D:7)
  A gnoll sergeant (D:5)
  2 scorpions (D:4)
  5 wights (D:7)
  A howler monkey (D:5)
  5 hounds
  6 jellies
  An orc priest (D:6)
  A gnoll bouda (D:4)
  A sleepcap (D:7)
  Natasha (D:1)
  5 iguanas
  13 orc wizards
  Robin (D:3)
  9 gnolls
  11 adders
  A shadow imp (D:7)
  3 white imps
  2 worms
  5 dart slugs
  28 orcs
  5 ball pythons
  6 endoplasms
  5 giant cockroaches
  13 goblins
  8 hobgoblins
  12 kobolds
  5 quokkas
  5 bats
  3 frilled lizards
  4 rats
202 creatures vanquished.

Notes
Turn   | Place    | Note
-------+----------+-------------------------------------------
     0 | D:1      | Kazon the Demonspawn Fighter began the quest for the Orb.
     0 | D:1      | Reached XP level 1. HP: 18/18 MP: 1/1
   219 | D:1      | Gained mutation: You may rarely emit foul miasma when
                  | damaged in melee. [demonic ancestry]
   219 | D:1      | Reached XP level 2. HP: 23/24 MP: 2/2
   272 | D:1      | Found a faded altar of an unknown god.
   281 | D:1      | Got Plato's Compilation of Poisoning
   646 | D:1      | Gained mutation: You have a somewhat thin skeletal
                  | structure. (Dex +2, Stealth+) [demonic ancestry]
   646 | D:1      | Reached XP level 3. HP: 27/29 MP: 3/3
  1087 | D:1      | Identified a scroll of acquirement
  1087 | D:1      | Acquired 709 gold pieces
  1136 | D:2      | Noticed Natasha
  1150 | D:1      | Killed Natasha
  1324 | D:2      | Gained mutation: You have a moderately thin skeletal
                  | structure. (Dex +4, Stealth++) [demonic ancestry]
  1324 | D:2      | Reached XP level 4. HP: 32/35 MP: 4/4
  1765 | D:2      | Reached skill level 1 in Throwing
  1854 | D:3      | Found a shimmering altar of Xom.
  1854 | D:3      | Found a shimmering altar of Xom.
  1857 | D:3      | Found a shimmering altar of Xom.
  1857 | D:3      | Found a shimmering altar of Xom.
  1982 | D:3      | Noticed Robin
  1993 | D:3      | Killed Robin
  2229 | D:3      | Gained mutation: You have an unnaturally thin skeletal
                  | structure. (Dex +6, Stealth+++) [demonic ancestry]
  2229 | D:3      | Reached XP level 5. HP: 40/41 MP: 5/5
  2482 | D:3      | Found a runed translucent door.
  2483 | D:3      | Noticed Crazy Yiuf
  2687 | D:4      | Found Jeusoc's Book Shop.
  2823 | D:4      | Reached skill level 1 in Dodging
  2823 | D:4      | Reached XP level 6. HP: 37/47 MP: 6/6
  2867 | D:4      | Reached skill level 1 in Evocations
  2895 | D:4      | Reached skill level 1 in Stealth
  3037 | D:4      | Found a sacrificial altar of Ru.
  3283 | D:4      | Reached skill level 1 in Short Blades
  3460 | D:4      | Gained mutation: You have a pair of small horns on your
                  | head. [demonic ancestry]
  3460 | D:4      | Reached XP level 7. HP: 47/53 MP: 7/7
  3990 | D:5      | Entered Level 5 of the Dungeon
  3993 | D:5      | Found a staircase to the Ecumenical Temple.
  3995 | D:5      | Noticed Edmund
  3998 | D:5      | Found Oledinn's Magic Scroll Shoppe.
  4001 | Temple   | Entered the Ecumenical Temple
  4008 | Temple   | Became a worshipper of Warmaster Okawaru
  4040 | D:4      | Killed Edmund
  4041 | D:4      | Reached skill level 1 in Invocations
  4090 | D:5      | Bought a scroll of fear for 52 gold pieces
  4090 | D:5      | Bought a scroll of teleportation for 39 gold pieces
  4090 | D:5      | Bought a scroll of poison for 52 gold pieces
  4090 | D:5      | Bought a scroll of identify for 26 gold pieces
  4090 | D:5      | Bought a scroll of identify for 26 gold pieces
  4257 | D:5      | Identified the +0 leather armour of Ignis, Dancing {Regen+}
  4303 | D:5      | Reached * piety under Okawaru
  4418 | D:5      | Reached XP level 8. HP: 60/60 MP: 9/9
  4593 | D:6      | Noticed Maggie
  4605 | D:6      | Killed Maggie
  4606 | D:6      | Reached skill level 5 in Maces & Flails
  4752 | D:6      | Reached ** piety under Okawaru
  4869 | D:6      | Reached XP level 9. HP: 35/66 MP: 12/12
  5339 | D:7      | Reached *** piety under Okawaru
  5379 | D:7      | Reached skill level 5 in Invocations
  5564 | D:7      | Noticed a troll
  5573 | D:7      | Killed a troll
  5574 | D:7      | Reached skill level 5 in Fighting
  5658 | D:7      | Reached skill level 5 in Evocations
  6012 | D:8      | Noticed Joseph
  6025 | D:8      | Noticed Prince Ribbit
  6084 | D:8      | Reached **** piety under Okawaru
  6100 | D:8      | Reached XP level 10. HP: 39/74 MP: 14/14
  6106 | D:8      | Received a gift from Okawaru
  6139 | D:8      | Killed Joseph
  6256 | D:8      | Noticed Amaemon
  6297 | D:8      | Killed Prince Ribbit
  6458 | D:8      | Reached ***** piety under Okawaru
  6470 | D:8      | Noticed an orange demon
  6477 | D:8      | Killed Amaemon
  6479 | D:8      | HP: 1/75 [poisoned by an orange demon]
  6480 | D:8      | Succumbed to an orange demon's poison

Illustrated notes

Levels and vault maps discovered:
D:1:      dpeg_arrival_lava_altar, layout_basic,
          shapermc_ecumenical_altar_rom_forum
D:2:      layout_rooms, solitary_fountain, minmay_tromino_v4_a, uniq_natasha
D:3:      minmay_diamond_boxcup, layout_loops_ring, xom_redecorated,
          uniq_jessica, uniq_crazy_yiuf_cottage, uniq_robin
D:4:      layout_basic, mainiacjoe_overflow_boulevard, serial_shops, shop
D:5:      layout_rooms, minmay_temple_entry_offerings, serial_shops, shop,
          uniq_edmund
D:6:      minmay_flawed_box, layout_basic, minivault_4, uniq_maggie
D:7:      layout_gridville
D:8:      layout_cave_pools, uniq_joseph, uniq_prince_ribbit1, uniq_amaemon,
          uniq_maurice
Temple:   hellmonk_temple_of_storms

Skill      XL: |  1  2  3  4  5  6  7  8  9 10 |
---------------+-------------------------------+-----
Maces & Flails | 2 3 4 5 6 7 |  7.6
Armour         | 3 4 |  4.8
Shields        | 3 4 |  4.4
Throwing       | 1 2 3 |  3.8
Dodging        | 1 2 3 |  3.5
Evocations     | 2 3 4 5 6 |  6.1
Stealth        | 1 2 3 4 |  4.6
Short Blades   | 1 2 |  2.2
Invocations    | 2 4 6 7 |  7.3
Fighting       | 4 5 |  5.6

Action                     |  1- 3 |  4- 6 |  7- 9 | 10-12 || total
---------------------------+-------+-------+-------+-------++-------
  Melee: Flail             |   108 |   107 |   186 |    55 ||   456
         Dagger            |       |    91 |    92 |    21 ||   204
         Unarmed           |       |     2 |       |       ||     2
         Whip              |       |     8 |    44 |       ||    52
         Headbutt          |       |       |    78 |    19 ||    97
  Throw: Stone             |     4 |    15 |    27 |       ||    46
         Dart              |       |     2 |    30 |     9 ||    41
         Boomerang         |       |       |    13 |       ||    13
 Invoke: Heroism           |       |       |       |     1 ||     1
  Evoke: Wand              |       |       |       |     4 ||     4
    Use: Scroll            |     1 |       |     5 |     3 ||     9
         Potion            |       |       |       |     1 ||     1
   Stab: Sleeping          |       |    14 |    12 |     3 ||    29
         Distracted        |       |       |     1 |       ||     1
         Paralysed         |       |       |       |     6 ||     6
 Armour: Scale mail        |    48 |    84 |    15 |       ||   147
         Skin              |       |     1 |       |       ||     1
         Leather armour    |       |       |    90 |    19 ||   109
  Dodge: Dodged            |    37 |    86 |   126 |    38 ||   287
  Block: Buckler           |    34 |    55 |    76 |    11 ||   176
